 Dungeon Crawl Stone Soup version 0.29-a0-845-g6161e89988 (webtiles) character file.

Game seed: 11262326007492954318

739 buhh the Insei (level 7, -3/49 HPs)
             Began as an Octopode Transmuter on July 15, 2022.
             Shot with an arrow by a centaur (13 damage)
             ... on level 5 of the Dungeon.
             The game lasted 00:12:26 (5738 turns).

buhh the Insei (Octopode Transmuter)                Turns: 5738, Time: 00:12:27

Health: -3/49      AC:  5    Str:  9    XL:     7   Next: 75%
Magic:  1/10       EV: 15    Int: 16    God:
Gold:   1032       SH:  0    Dex: 16    Spells: 4/10 levels left

rFire   . . .      SeeInvis .     - Unarmed
rCold   . . .      Faith    .   (no shield)
rNeg    . . .      Spirit   .   (helmet restricted)
rPois   .          Reflect  .   (no amulet)
rElec   .          Harm     .   d - +4 ring of protection
rCorr   .          Rampage  .   (no ring)
Will    .....                   (no ring)
Stlth   +++.......              (no ring)
HPRegen 0.16/turn               (no ring)
MPRegen 0.12/turn               (no ring)
                                (no ring)
                                (no ring)

@: very slightly contaminated, invisible
A: almost no armour, amphibious, 8 rings, camouflage 1, gelatinous body 1,
(nimble swimmer 1), tentacles, agile 1, evolution 1
a: no special abilities


You were on level 5 of the Dungeon.
You visited 1 branch of the dungeon, and saw 5 of its levels.
You also visited: Sewer.

You collected 1032 gold pieces.

Inventory:

Missiles
 a - a throwing net
 k - 12 poisoned darts
Jewellery
 d - a +4 ring of protection (left tentacle)
 e - a ring of ice
Wands
 b - a wand of roots (6)
Scrolls
 c - 3 scrolls of teleportation {!d!d}
 f - a scroll of silence {!r}
 h - 2 scrolls of magic mapping {unknown}
 j - 2 scrolls of blinking {unknown}
 l - a scroll of immolation {!r}
 m - a scroll of enchant armour {unknown}
Potions
 g - a potion of berserk rage {unknown}
 i - a potion of curing {unknown}
 o - a potion of mutation {!q!d}
 q - a potion of flight {unknown}
 r - a potion of cancellation {!q!d}
 s - a potion of might {unknown}
 t - a potion of haste {unknown}
 u - a potion of magic {unknown}


   Skills:
 + Level 4.5 Fighting
 + Level 4.9 Dodging
 - Level 2.0 Stealth
 + Level 5.4 Unarmed Combat
 - Level 2.0 Spellcasting
 * Level 2.2 Transmutations
 * Level 0.6 Ice Magic
 - Level 1.0 Poison Magic


You had 4 spell levels left.
You knew the following spells:

 Your Spells              Type           Power      Damage    Failure   Level
a - Beastly Appendage     Tmut           16%        N/A       9%          1
b - Wereblood             Tmut           8%         N/A       13%         2
c - Spider Form           Tmut/Pois      6%         N/A       32%         3

Your spell library contained the following spells:

 Spells                   Type           Power      Damage    Failure   Level
 Frozen Ramparts          Ice            6%         1d2       43%         3
 Call Canine Familiar     Summ           1%         N/A       52%         3
 Portal Projectile        Hex/Tloc       2%         N/A       52%         3
 Tukima's Dance           Hex            1%         N/A       52%         3
 Ice Form                 Ice/Tmut       6%         N/A       75%         4
 Summon Ice Beast         Ice/Summ       2%         N/A       88%         4
 Leda's Liquefaction      Hex/Erth       0%         N/A       90%         4
 Blade Hands              Tmut           4%         N/A       93%         5


Dungeon Overview and Level Annotations

Branches:
Dungeon (5/15) Zot: 24968   Sewer (visited)
 Temple: D:4-7

Altars:

Annotations:
D:4 1 runed translucent door, Crazy Yiuf


Innate Abilities, Weirdness & Mutations

You cannot wear most types of armour.
You are amphibious.
You can wear up to eight rings at the same time.
Your skin changes colour to match your surroundings (Stealth+).
Your rubbery body absorbs attacks. (AC +1, EV +1)
((You are camouflaged when in or above water. (Stealth+)))
You have tentacles for arms and can constrict up to eight enemies at once.
You are agile. (Dex +4, Str/Int -1)
You have hidden genetic potential.


Message History

The centaur shoots an arrow.
The arrow hits you!
The centaur shoots an arrow.
The arrow misses you.
You miscast Spider Form.
Nothing appears to happen.
The centaur shoots an arrow.
The arrow hits you.
The centaur shoots an arrow.
The arrow barely misses you.
The centaur shoots an arrow.
The arrow hits you!
* * * LOW HITPOINT WARNING * * *
It was a potion of invisibility.
You fade into invisibility!
p - a potion of invisibility;
g - a sedimented sapphire potion The centaur shoots an arrow.
The arrow closely misses you.
The centaur shoots an arrow.
The arrow barely misses you.
The centaur shoots an arrow.
The arrow misses you.
It was a potion of mutation.
You feel extremely strange.
You feel agile.
You feel a hidden potential growing inside you.
o - a potion of mutation;
a - a throwing net The centaur shoots an arrow.
The arrow misses you.
The centaur shoots an arrow.
The arrow closely misses you.
The centaur shoots an arrow.
The arrow closely misses you.
It was a potion of cancellation.
Your magical effects are unravelling.
You feel magically purged.
Your magical contamination has completely faded away.
r - a potion of cancellation;
h - 2 scrolls labelled SYOMMI DULELA You flicker back into view.
The centaur shoots an arrow.
The arrow barely misses you.
The centaur shoots an arrow.
The arrow closely misses you.
You fade into invisibility!
The centaur shoots an arrow.
The arrow hits the centaur.
Okay, then.
You miscast Spider Form.
You are very lightly contaminated with residual magic.
Nothing appears to happen.
The centaur unwields a +0 shortbow.
The centaur misses you. The centaur barely misses you.
You strike the helpless centaur from behind!
You tentacle-slap the centaur. You squeeze the centaur.
The centaur is heavily wounded.
The centaur shoots an arrow.
The arrow closely misses the centaur.
The arrow hits you!
You die...

##..# #.#.......
####...#.###
#(..###.'........
+...........
##......#.......
####..>...##
##.#.####......
##.#...# ###.#..
...... ###...#
#.#.# #.... #.###
#.#.# #c#. #.#
#.#.#####c# #.#
#.......#@#.# #.#
###.........#
#####....##
#.....# #.>..#...
#.#.##.## #.#.# .
..... .# #.#.#.


You could see 2 centaurs.

Vanquished Creatures
  Duvessa (D:4)
  A phantom (D:4)
  A necrophage (D:4)
  A scorpion (D:4)
  Dowan (D:4)
  3 jellies (Sewer)
  2 hounds
  An orc priest (D:3)
  An iguana (D:5)
  6 adders
  A white imp (D:5)
  2 worms
  5 dart slugs
  9 orcs
  7 ball pythons
  6 bats
  10 endoplasms
  4 giant cockroaches
  9 goblins
  7 hobgoblins
  2 jackals (D:1)
  5 quokkas
  4 frilled lizards
  12 kobolds
  12 rats
113 creatures vanquished.

Notes
Turn   | Place    | Note
-------+----------+-------------------------------------------
     0 | D:1      | buhh the Octopode Transmuter began the quest for the Orb.
     0 | D:1      | Reached XP level 1. HP: 13/13 MP: 3/3
   116 | D:1      | Reached skill level 1 in Stealth
   316 | D:1      | Reached XP level 2. HP: 18/18 MP: 3/5
   318 | D:1      | Reached skill level 1 in Poison Magic
   761 | D:1      | Found a faded altar of an unknown god.
   779 | D:1      | Reached XP level 3. HP: 19/23 MP: 4/6
  1626 | D:2      | Reached XP level 4. HP: 29/29 MP: 5/7
  3071 | D:3      | Reached XP level 5. HP: 29/35 MP: 6/8
  3082 | D:3      | Reached skill level 4 in Unarmed Combat
  3472 | D:3      | Learned a level 2 spell: Wereblood
  3476 | D:3      | Learned a level 3 spell: Spider Form
  3933 | D:4      | Identified a scroll of acquirement
  3933 | D:4      | Acquired 888 gold pieces
  3976 | D:4      | Noticed a phantom
  4068 | D:4      | Noticed Dowan
  4075 | D:4      | Noticed Duvessa
  4076 | D:4      | Killed Dowan
  4077 | D:4      | Reached XP level 6. HP: 33/42 MP: 9/9
  4084 | D:4      | Killed Duvessa
  4254 | D:4      | Reached skill level 5 in Unarmed Combat
  4254 | D:4      | Reached XP level 7. HP: 44/48 MP: 8/10
  4472 | D:4      | Found a glowing drain.
  4476 | Sewer    | Entered a sewer
  4939 | Sewer    | Found a viscous altar of Jiyva.
  5300 | D:4      | Found a runed translucent door.
  5301 | D:4      | Noticed Crazy Yiuf
  5518 | D:5      | Entered Level 5 of the Dungeon
  5734 | D:5      | Gained mutation: You are agile. (Dex +4, Str/Int -1)
                  | [potion of mutation]
  5734 | D:5      | Gained mutation: You have hidden genetic potential. [potion
                  | of mutation]
  5738 | D:5      | Shot with an arrow by a centaur

Illustrated notes

Levels and vault maps discovered:
D:1:      dpeg_arrival_subterranean_lakeside_camping, layout_rooms,
          hellmonk_ecumenical_altar_run_dry
D:2:      layout_basic
D:3:      layout_basic, due_unseen_surprise
D:4:      cheibrodos_quashed, layout_cave_pools, gup_sewer_entry_spiral,
          uniq_duvessa, uniq_crazy_yiuf_cottage
D:5:      layout_loops_corners

Skill      XL: |  1  2  3  4  5  6 |
---------------+-------------------+-----
Stealth        | 1 2 |  2.0
Poison Magic   | 1 |  1.0
Fighting       | 2 3 4 |  4.5
Dodging        | 3 4 |  4.9
Unarmed Combat | 4 5 |  5.4
Spellcasting   | |  2.0
Transmutations | |  2.2
Ice Magic      | |  0.6

Action                   |  1- 3 |  4- 6 |  7- 9 || total
-------------------------+-------+-------+-------++-------
Melee: Unarmed           |    86 |    92 |    77 ||   255
       Constrict         |    27 |    18 |    13 ||    58
       Kick              |    22 |    18 |    19 ||    59
       Tentacles         |    20 |    24 |    12 ||    56
       Punch             |     5 |     3 |     4 ||    12
 Cast: Beastly Appendage |    27 |    21 |    13 ||    61
       Spider Form       |       |     1 |     1 ||     2
  Use: Scroll            |       |     9 |       ||     9
       Potion            |       |     1 |     5 ||     6
 Stab: Sleeping          |     2 |     7 |     5 ||    14
       Invisible         |       |       |     1 ||     1
Armor: Skin              |     4 |    17 |    22 ||    43
Dodge: Dodged            |    56 |    33 |    40 ||   129

Table legend: (Time is in decaauts)
 A = Elapsed time spent in this place.
 B = Non-inter-level travel time spent in this place.
 C = Inter-level travel time spent in this place.
 D = Time resting spent in this place.
 E = Time spent auto-exploring this place.
 F = Levels seen in this place.
 G = Mean time per level.
                   A        B        C        D        E       F      G
               +--------+--------+--------+--------+--------+-----+--------+
         Total |   5720 |   5627 |     93 |    422 |   3764 |   6 |  953.3 |
       Dungeon |   5030 |   4937 |     93 |    181 |   3590 |   5 | 1006.0 |
         Sewer |    689 |    689 |      0 |    241 |    174 |   1 |  689.0 |
               +--------+--------+--------+--------+--------+-----+--------+

Top non-repeatable levels by time:
     D:3: 1475 daAuts
     D:2: 1300 daAuts
     D:1: 1271 daAuts
     D:4: 765 daAuts
   Sewer: 689 daAuts
     D:5: 218 daAuts
